 Dungeon Sprint DCSS version 0.23-a0-54-gae6112e (webtiles) character file.

53804 Mgcat the Dwarven Blade (level 14, -8/162 HPs)
             Began as a Deep Dwarf Fighter on Aug 8, 2018.
             Was the Champion of Cheibriados.
             Killed from afar by Jory (52 damage)
             ... with a crystal spear
             ... in the Dungeon (Sprint IX: "|||||||||||||||||||||||||||||").
             The game lasted 00:22:03 (2446 turns).

Mgcat the Dwarven Blade (Deep Dwarf Fighter)        Turns: 2446, Time: 00:22:04

Health: -8/162     AC: 23    Str: 38    XL:     14   Next: 32%
Magic:  17/19      EV: 28    Int: 29    God:    Cheibriados [******]
Gold:   564        SH: 18    Dex: 27    Spells: 13/13 levels left

rFire    + . .     SeeInvis .   u - +4 scimitar (flame)
rCold    + . .     Gourm    .   c - +1 shield
rNeg     + . .     Faith    .   F - +1 fire dragon scales
rPois    .         Spirit   .   C - +2 helmet {Int+3}
rElec    .         Reflect  .   q - +1 cloak
rCorr    .         Harm     .   v - +1 pair of gloves
MR       ++...     NoTele   +   (no boots)
Stlth    +.........             y - amulet of Vitality {Regen+ HP+15}
HPRegen  0.00/turn              w - ring of ice {rC+, rF-}
MPRegen  0.16/turn              z - ring of protection from cold {rC+, !d}

@: non-regenerating, very slow
A: damage resistance, heal wounds, negative energy resistance 1, sense
surroundings 2, no regeneration
a: Heal Wounds, Bend Time, Temporal Distortion, Slouch, Step From Time, Renounce
Religion


You were in the Dungeon.
You worshipped Cheibriados.
Cheibriados was exalted by your worship.
You were not hungry.

You visited 1 branch You collected 1900 gold pieces.
You spent 1336 gold pieces at shops.

Inventory:

Hand Weapons
 b - the +2 scimitar of Fortitude {slice, rN+ Dex+3}
   (You found it in the Dungeon)

   It inflicts extra damage upon your enemies.
   It affects your dexterity (+3).
   It protects you from negative energy.
 u - a +4 scimitar of flaming (weapon)
   (You found it in the Dungeon)
 B - a +1 demon blade of electrocution
   (You found it in the Dungeon)
Armour
 c - a +1 shield (worn)
 q - a +1 cloak (worn)
   (You found it in the Dungeon)
 v - a +1 pair of gloves (worn)
   (You found it in the Dungeon)
 C - a +2 helmet of intelligence (worn)
   (You found it in the Dungeon)
 F - +1 fire dragon scales (worn)
   (You found it in the Dungeon)
Magical Staves
 o - an uncursed staff of energy {+MP, hungerless spells, !d!a@w1}
   (You found it in the Dungeon)
Jewellery
 r - a +2 ring of protection
   (You found it in the Dungeon)
 s - a +2 ring of evasion
   (You found it in the Dungeon)
 w - a ring of ice (left hand) {rC+, rF-}
   (You found it in the Dungeon)
 y - the amulet of Vitality (around neck) {Regen+ HP+15}
   (You bought it in a shop in the Dungeon)

   [amulet of regeneration]

   It affects your health (+15).
   It increases your rate of regeneration.
 z - a ring of protection from cold (right hand) {rC+, !d}
   (You found it in the Dungeon)
 A - an uncursed ring of protection from magic {MR+, !d}
   (You found it in the Dungeon)
Wands
 p - a wand of iceblast (7)
   (You found it in the Dungeon)
Scrolls
 k - 5 scrolls of blinking {!r}
 m - 4 scrolls of remove curse
 n - 2 scrolls of amnesia
 x - 2 scrolls of identify
 D - 3 scrolls of enchant armour
Potions
 a - a potion of ambrosia
 d - 2 potions of might
 e - 4 potions of curing
 g - 13 potions of heal wounds
 i - 4 potions of magic
 l - 2 potions of brilliance
Comestibles
 f - 11 rations


   Skills:
 + Level 15.4 Fighting
 + Level 22.7 Long Blades
 + Level 15.1 Armour
 + Level 16.7 Dodging
 + Level 15.3 Shields
 - Level 15.0 Invocations


You had 13 spell levels left.
You didn't know any spells.
Your spell library was empty.

Dungeon Overview and Level Annotations

Branches:
Dungeon (1/1)

Altars:
Cheibriados
Dithmenos
Elyvilon
Fedhas
Gozag
Hepliaklqana
Kikubaaqudgha
Makhleb
Nemelex Xobeh
Okawaru
Qazlal
Ru
Sif Muna
Trog
Uskayaw
Vehumet
Wu Jian
Xom
Yredelemnul
Zin
The Shining One
Beogh
Jiyva
Lugonu

Shops:
D :}(=

Annotations:
D Jory


Innate Abilities, Weirdness & Mutations

You are resistant to damage.
You can heal yourself by infusing magical energy.
You resist negative energy. (rN+)
You passively map the area around you.
You do not regenerate.


Message History

Jory is moderately damaged.
Jory barely misses you. Jory closely misses you.
You slash Jory! You burn Jory.
Jory is moderately damaged.
You closely miss Jory.
Jory is moderately damaged.
Jory casts a spell at you. The crystal spear misses you.
You closely miss Jory.
Jory is moderately damaged.
Jory hits you with a great sword of flaming!
Jory burns you. Jory bites you.
You hit Jory but do no damage.
Jory is moderately damaged.
You slash Jory! You burn Jory.
Jory is heavily damaged.
Jory barely misses you.
You riposte.
You completely miss Jory.
Jory is moderately damaged.
Jory bites you but does no damage.
You closely miss Jory.
Jory is moderately damaged.
You slice Jory!! You burn Jory.
Jory is heavily damaged.
Jory completely misses you.
You riposte.
You slash Jory! You burn Jory.
Jory is heavily damaged.
Jory misses you.
You slash Jory! You burn Jory.
Jory is severely damaged.
You slash Jory! You burn Jory.
Jory is severely damaged.
Jory hits you with a great sword of flaming!!
Jory burns you. Jory bites you but does no damage.
You completely miss Jory.
Jory is severely damaged.
You hit Jory but do no damage.
Jory is severely damaged.
You block Jory's attack. Jory closely misses you.
You feel much better.
You break out of your daze.
Jory is infused with unholy energy.
Jory draws life force from you and is healed!
You hit Jory but do no damage.
Jory is severely damaged.
You barely miss Jory.
Jory is severely damaged.
Jory gestures at you while chanting. The crystal spear misses you.
You hit Jory but do no damage.
Jory is severely damaged.
Jory hits you but does no damage. Jory bites you.
You slash Jory! You burn Jory.
Jory is severely damaged.
You slash Jory! You burn Jory.
Jory is almost destroyed.
Jory closely misses you.
You riposte.
You closely miss Jory.
Jory is almost destroyed.
Jory barely misses you.
All of the chunks of flesh in your inventory have rotted away.
You barely miss Jory.
Jory is almost destroyed.
You completely miss Jory.
Jory is almost destroyed.
Jory casts a spell at you. The crystal spear hits you!
You hit Jory but do no damage.
Jory is almost destroyed.
Jory says, "Leave me alone!"
Jory casts a spell.
Jory attempts to bespell you!
You easily resist.
You fail to use your ability.
Jory is infused with unholy energy.
Jory draws life force from you and is healed!
You slash Jory! You burn Jory.
Jory is almost destroyed.
You hit Jory but do no damage.
Jory is almost destroyed.
Jory is infused with unholy energy.
* * * LOW HITPOINT WARNING * * *
Jory draws life force from you and is healed!
You feel much better.
Jory is infused with unholy energy.
* * * LOW HITPOINT WARNING * * *
Jory draws life force from you and is healed!
You completely miss Jory.
Jory is severely damaged.
You block Jory's attack. x2
You closely miss Jory.
Jory is severely damaged.
You feel much better.
Jory hits you with a great sword of flaming!!!
* * * LOW HITPOINT WARNING * * *
Jory burns you. You block Jory's attack.
You feel much better. Jory casts a spell at you. The crystal spear hits you!
* * * LOW HITPOINT WARNING * * *
You feel much better. Jory gestures at you while chanting.
The crystal spear hits you!
You die...

..............).......)..........
▓▓▓▓▓▓▓▓♣♣♣♣♣♣♣♣♣♣▓▓▓▓▓▓▓▓▓▓▓▓▓▓▓
........'.†)†.....'†........'....
▓▓▓▓▓▓▓▓♣♣♣♣♣♣♣♣♣♣▓▓▓▓▓▓▓▓▓▓▓▓▓▓▓
.................................
▓▓▓▓▓▓▓▓▓▓▓▓▓▓▓▓▓▓▓▓▓▓▓▓▓▓▓▓▓▓▓▓▓
........(')(()()()÷))..........'.
▓▓▓▓▓▓▓▓▓▓▓▓▓▓▓▓▓▓▓▓▓▓▓▓▓▓▓▓▓▓▓▓▓
, ,......V@................ *
*▓▓▓▓▓▓▓▓▓▓▓▓▓▓▓▓▓▓▓▓▓▓▓▓ , , ,,
, , , * ** ** * * * * * * , , , ,
,,, ,, , ,, * * * * ** * *** ** ,
+ , , , + , , ** * ** * , ,, , ,
, ,


You could see Jory.

Vanquished Creatures
  Frances (D)
  A tengu reaver (D)
  2 fire giants (D)
  An ironheart preserver (D)
  A spriggan defender (D)
  A very ugly thing (D)
  2 entropy weavers (D)
  2 stone giants (D)
  An ettin (D)
  A fire dragon (D)
  A rakshasa (D)
  Erolcha (D)
  A hydra (D)
  2 naga warriors (D)
  An alligator snapping turtle (D)
  2 ice dragons (D)
  4 centaur warriors (D)
  A ghost crab (D)
  A satyr (D)
  4 ogre magi (D)
  A deep troll shaman (D)
  2 deep troll earth magi (D)
  A shock serpent (D)
  2 orc high priests (D)
  A vampire mage (D)
  A naga sharpshooter (D)
  Nergalle (D)
  A glowing orange brain (D)
  An unseen horror (D)
  A sea snake (D)
  2 swamp dragons (D)
  2 naga ritualists (D)
  A deep elf mage (D)
  A harpy (shapeshifter) (D)
  3 harpies (D)
  A lindwurm (D)
  A wolf spider (D)
  An oklob plant (D)
  4 orc knights (D)
  3 ugly things (D)
  4 orc sorcerers (D)
  A manticore (D)
  Psyche (D)
  3 vault sentinels (D)
  2 black mambas (D)
  A naga mage (D)
  3 spiny frogs (D)
  A yaktaur (D)
  A jumping spider (D)
  A queen bee (shapeshifter) (D)
  2 trolls (D)
  A hornet (D)
  A bog body (D)
  A snapping turtle (D)
  A slime creature (D)
  2 hippogriffs (D)
  3 redbacks (D)
  3 tarantellas (D)
  2 water elementals (D)
  2 yaks (D)
  2 wraiths (D)
  A shadow (D)
  A hungry ghost (D)
  4 wargs (D)
  A water moccasin (D)
  A hell hound (D)
  2 porcupines (D)
  9 orc warriors (D)
  4 ice beasts (D)
  A phantom (D)
  An eye of draining (shapeshifter) (D)
  4 wolves (D)
  2 ogres (D)
  2 crocodiles (D)
  6 bullfrogs (D)
  A wight (D)
  3 orc priests (D)
  6 orc wizards (D)
  A worker ant (shapeshifter) (D)
  A dart slug (D)
  A leopard gecko (D)
  10 orcs (D)
  A bat skeleton (D)
  A hobgoblin (D)
  A quokka (D)
  A bat (D)
  A giant cockroach simulacrum (D)
  2 goblins (D)
  A leopard gecko skeleton (D)
170 creatures vanquished.

Vanquished Creatures (others)
  A hydra (D)
  An alligator (D)
  A hornet (D)
  A tyrant leech (D)
  A spriggan (D)
  An insubstantial wisp (D)
6 creatures vanquished.

Grand Total: 176 creatures vanquished

Notes
Turn   | Place    | Note
-------+----------+-------------------------------------------
     0 | D        | Mgcat the Deep Dwarf Fighter began the quest for the Orb.
     0 | D        | Reached XP level 1. HP: 20/20 MP: 1/1
     6 | D        | Reached skill level 3 in Fighting
    13 | D        | Reached skill level 3 in Long Blades
    21 | D        | Noticed an ogre
    21 | D        | Noticed a phantom
    36 | D        | Killed an ogre
    36 | D        | Reached skill level 6 in Fighting
    36 | D        | Reached skill level 6 in Long Blades
    36 | D        | Reached XP level 2. HP: 33/33 MP: 2/2
    36 | D        | Reached XP level 3. HP: 40/40 MP: 3/3
    36 | D        | Reached XP level 4. HP: 48/48 MP: 4/4
    81 | D        | Killed a phantom
    81 | D        | Reached skill level 9 in Long Blades
    81 | D        | Reached XP level 5. HP: 41/55 MP: 5/5
    89 | D        | Found a roughly hewn altar of Beogh.
    89 | D        | Found a snail-covered altar of Cheibriados.
    89 | D        | Found a shadowy altar of Dithmenos.
    89 | D        | Found a white marble altar of Elyvilon.
    89 | D        | Found a blossoming altar of Fedhas.
    89 | D        | Found an opulent altar of Gozag.
    90 | D        | Found a hazy altar of Hepliaklqana.
    91 | D        | Found a viscous altar of Jiyva.
    92 | D        | Found an ancient bone altar of Kikubaaqudgha.
    93 | D        | Found a corrupted altar of Lugonu.
    94 | D        | Found a burning altar of Makhleb.
    95 | D        | Found a sparkling altar of Nemelex Xobeh.
    96 | D        | Found an iron altar of Okawaru.
    97 | D        | Found a stormy altar of Qazlal.
    98 | D        | Found a sacrificial altar of Ru.
    99 | D        | Found a deep blue altar of Sif Muna.
   100 | D        | Found a bloodstained altar of Trog.
   101 | D        | Found a hide-covered altar of Uskayaw.
   102 | D        | Found a radiant altar of Vehumet.
   111 | D        | Found an ornate altar of the Wu Jian Council.
   112 | D        | Found a shimmering altar of Xom.
   113 | D        | Found a basalt altar of Yredelemnul.
   114 | D        | Found a glowing silver altar of Zin.
   115 | D        | Found a glowing golden altar of the Shining One.
   149 | D        | Became a worshipper of Cheibriados the Contemplative
   213 | D        | Noticed an ice beast
   213 | D        | Noticed a hungry ghost
   213 | D        | Noticed a troll
   216 | D        | Reached skill level 10 in Long Blades
   226 | D        | Killed an ice beast
   226 | D        | Reached * piety under Cheibriados
   226 | D        | Reached skill level 11 in Long Blades
   226 | D        | Reached XP level 6. HP: 44/62 MP: 6/6
   228 | D        | Reached skill level 12 in Long Blades
   239 | D        | Killed a hungry ghost
   239 | D        | Reached ** piety under Cheibriados
   239 | D        | Reached skill level 13 in Long Blades
   246 | D        | Killed a troll
   246 | D        | Reached skill level 14 in Long Blades
   246 | D        | Reached XP level 7. HP: 61/69 MP: 7/7
   273 | D        | Noticed a troll
   273 | D        | Noticed a shadow
   278 | D        | Reached *** piety under Cheibriados
   278 | D        | Reached skill level 5 in Armour
   285 | D        | Reached skill level 2 in Dodging
   289 | D        | Reached skill level 4 in Dodging
   300 | D        | Killed an unseen horror
   300 | D        | Reached **** piety under Cheibriados
   300 | D        | Reached skill level 9 in Dodging
   300 | D        | Reached XP level 8. HP: 49/76 MP: 8/8
   306 | D        | Killed a troll
   306 | D        | Reached skill level 6 in Shields
   307 | D        | HP: 19/76 [something (20)]
   313 | D        | Reached skill level 15 in Long Blades
   445 | D        | Noticed a hippogriff
   445 | D        | Noticed a four-headed hydra
   448 | D        | Killed a hippogriff
   448 | D        | Reached ***** piety under Cheibriados
   448 | D        | Gained mutation: You passively map the area around you. [Deep Dwarf growth]
   448 | D        | Reached XP level 9. HP: 66/82 MP: 9/9
   451 | D        | Killed a one-headed hydra
   451 | D        | Reached skill level 16 in Long Blades
   453 | D        | Reached skill level 17 in Long Blades
   463 | D        | Reached ****** piety under Cheibriados
   492 | D        | Noticed an oklob plant
   492 | D        | Noticed a spiny frog
   492 | D        | Noticed a spiny frog
   499 | D        | Reached skill level 18 in Long Blades
   500 | D        | Noticed a spiny frog
   501 | D        | Noticed a lindwurm
   501 | D        | HP: 19/82 [acid (10)]
   509 | D        | Killed an oklob plant
   509 | D        | Reached XP level 10. HP: 63/91 MP: 10/10
   519 | D        | Killed a spiny frog
   519 | D        | Reached skill level 19 in Long Blades
   522 | D        | Killed a spiny frog
   525 | D        | Killed a spiny frog
   528 | D        | Killed a lindwurm
   553 | D        | Reached skill level 20 in Long Blades
   560 | D        | Reached skill level 7 in Fighting
   570 | D        | Reached skill level 8 in Fighting
   617 | D        | Noticed Psyche
   621 | D        | Killed Psyche
   631 | D        | Noticed Erolcha
   637 | D        | Killed Erolcha
   637 | D        | Reached skill level 10 in Fighting
   707 | D        | Reached skill level 1 in Invocations
   711 | D        | Reached skill level 3 in Invocations
   719 | D        | Reached skill level 4 in Invocations
   733 | D        | Noticed an orc knight
   746 | D        | Killed an orc knight
   746 | D        | Reached skill level 6 in Invocations
   746 | D        | Reached XP level 11. HP: 71/109 MP: 13/16
   747 | D        | Reached skill level 7 in Invocations
   792 | D        | Noticed an orc knight
   792 | D        | Noticed an orc knight
   798 | D        | Killed an orc knight
   798 | D        | Reached skill level 8 in Invocations
   801 | D        | Reached skill level 9 in Invocations
   801 | D        | Reached skill level 10 in Invocations
   803 | D        | Killed an orc knight
   803 | D        | Reached skill level 10 in Dodging
   817 | D        | Noticed an orc high priest
   819 | D        | Noticed a soul eater
   835 | D        | Killed an orc high priest
   835 | D        | Reached skill level 6 in Armour
   930 | D        | Found Lituasoe's Book Emporium.
   930 | D        | Noticed an orc sorcerer
   930 | D        | Noticed an orc sorcerer
   930 | D        | Noticed an orc sorcerer
   936 | D        | Killed an orc sorcerer
   936 | D        | Reached skill level 7 in Shields
   937 | D        | Found Tik Ipto's Gadget Shoppe.
   940 | D        | Noticed an orc knight
   942 | D        | Killed an orc sorcerer
   942 | D        | Reached skill level 11 in Invocations
   943 | D        | Killed an orc sorcerer
   946 | D        | Noticed an orc sorcerer
   948 | D        | Found Eleilosa's Antique Weapon Emporium.
   953 | D        | Killed an orc knight
   953 | D        | Reached skill level 7 in Armour
   955 | D        | Killed an orc sorcerer
   961 | D        | Found Wejiu's Jewellery Shoppe.
   967 | D        | Noticed an orc high priest
   972 | D        | Killed an orc high priest
   972 | D        | Reached skill level 11 in Fighting
   972 | D        | Reached skill level 11 in Dodging
   972 | D        | Reached skill level 8 in Shields
   980 | D        | Bought an encrusted battleaxe for 230 gold pieces
   985 | D        | Identified the +5 battleaxe of Defence by Offence {flame, rF- rC+ Int+5} (You bought it in a shop in the Dungeon)
  1000 | D        | Bought the amulet of Vitality {Regen+ HP+15} for 1106 gold pieces
  1000 | D        | Found the amulet of Vitality {Regen+ HP+15}
  1149 | D        | Got the +2 scimitar of Fortitude {slice, rN+ Dex+3}
  1345 | D        | Noticed a harpy
  1358 | D        | Noticed a deep elf mage
  1363 | D        | Noticed an ice dragon
  1364 | D        | Killed a harpy
  1365 | D        | Reached skill level 8 in Armour
  1369 | D        | Noticed a fire dragon
  1376 | D        | Noticed a purple ugly thing
  1381 | D        | Noticed a rakshasa
  1382 | D        | Killed a deep elf mage
  1382 | D        | Reached skill level 12 in Invocations
  1386 | D        | Noticed a cyan very ugly thing
  1387 | D        | Killed an ice dragon
  1398 | D        | Noticed an ettin
  1401 | D        | Noticed a vampire mage
  1409 | D        | Killed a purple very ugly thing
  1409 | D        | Reached skill level 9 in Shields
  1409 | D        | Reached XP level 12. HP: 69/120 MP: 21/21
  1414 | D        | Killed a fire dragon
  1414 | D        | Reached skill level 9 in Armour
  1417 | D        | Reached skill level 12 in Dodging
  1420 | D        | Killed a rakshasa
  1420 | D        | Reached skill level 13 in Invocations
  1422 | D        | HP: 34/137 [ettin/dire flail (37)]
  1424 | D        | Killed an ettin
  1424 | D        | Reached skill level 12 in Fighting
  1425 | D        | Noticed a vampire mage
  1437 | D        | Killed a vampire mage
  1437 | D        | Reached skill level 10 in Shields
  1485 | D        | Noticed Frances
  1502 | D        | Killed Frances
  1502 | D        | Reached skill level 10 in Armour
  1612 | D        | Noticed Nergalle
  1617 | D        | Killed Nergalle
  1675 | D        | Noticed a naga warrior
  1675 | D        | Noticed a naga warrior
  1680 | D        | Reached skill level 21 in Long Blades
  1684 | D        | Reached skill level 13 in Dodging
  1684 | D        | Reached skill level 14 in Invocations
  1691 | D        | Killed a naga warrior
  1691 | D        | Reached skill level 11 in Shields
  1700 | D        | Killed a naga warrior
  1709 | D        | Reached skill level 11 in Armour
  1718 | D        | Noticed a satyr
  1718 | D        | Noticed an alligator snapping turtle
  1723 | D        | Reached XP level 13. HP: 114/130 MP: 18/20
  1733 | D        | Reached skill level 13 in Fighting
  1738 | D        | Reached skill level 15 in Invocations
  1754 | D        | Reached skill level 12 in Shields
  1798 | D        | Reached skill level 14 in Dodging
  1807 | D        | Reached skill level 12 in Armour
  1835 | D        | Noticed an entropy weaver
  1850 | D        | Killed an entropy weaver
  2004 | D        | Noticed a stone giant
  2004 | D        | Noticed a vampire knight
  2011 | D        | Noticed a spriggan defender
  2014 | D        | Noticed an iron dragon
  2017 | D        | Killed a stone giant
  2017 | D        | Reached skill level 13 in Shields
  2018 | D        | Noticed a stone giant
  2023 | D        | Noticed a lich
  2027 | D        | Noticed a fire giant
  2036 | D        | Killed a spriggan defender
  2036 | D        | Reached skill level 14 in Fighting
  2036 | D        | Reached skill level 13 in Armour
  2037 | D        | HP: 28/150 [something/vampiric draining (23)]
  2040 | D        | Noticed a fire giant
  2052 | D        | Reached skill level 15 in Dodging
  2055 | D        | Killed a fire giant
  2055 | D        | Reached skill level 22 in Long Blades
  2066 | D        | Killed a fire giant
  2163 | D        | Reached skill level 14 in Shields
  2200 | D        | Reached skill level 14 in Armour
  2208 | D        | Noticed an entropy weaver
  2213 | D        | Gained mutation: You resist negative energy. (rN+) [Deep Dwarf growth]
  2213 | D        | Reached XP level 14. HP: 124/145 MP: 14/19
  2216 | D        | Reached skill level 16 in Dodging
  2217 | D        | Noticed a tengu reaver
  2231 | D        | Killed an entropy weaver
  2234 | D        | Reached skill level 15 in Fighting
  2235 | D        | Noticed a stone giant
  2248 | D        | Killed a tengu reaver
  2262 | D        | Noticed an ironheart preserver
  2264 | D        | Killed a stone giant
  2264 | D        | Reached skill level 15 in Shields
  2281 | D        | Reached skill level 15 in Armour
  2288 | D        | Killed an ironheart preserver
  2399 | D        | Noticed Jory
  2440 | D        | HP: 38/162 [Jory/vampiric draining (18)]
  2445 | D        | HP: 24/162 [Jory/crystal spear (33)]
  2446 | D        | Killed from afar by Jory

Vault maps used:
D:        linesprint

Skill      XL: |  1  2  3  4  5  6  7  8  9 10 11 12 13 14 |
---------------+-------------------------------------------+-----
Fighting       | 6 10 11 12 14 15 | 15.4
Long Blades    | 6 9 11 14 15 18 20 21 22 | 22.7
Armour         | 5 8 11 14 15 | 15.1
Dodging        | 9 11 13 15 16 | 16.7
Shields        | 6 9 11 14 15 | 15.3
Invocations    | 6 12 14 15 | 15.0

Action                   |  1- 3 |  4- 6 |  7- 9 | 10-12 | 13-15 || total
-------------------------+-------+-------+-------+-------+-------++-------
Melee: Long sword        |    23 |    28 |       |       |       ||    51
       Scimitar          |       |    28 |    77 |   262 |   262 ||   629
Invok: Bend Time         |       |       |       |     1 |       ||     1
       Slouch            |       |       |       |     6 |     5 ||    11
       Temporal Distorti |       |       |       |     3 |     1 ||     4
       Step From Time    |       |       |       |       |     1 ||     1
 Abil: Heal Wounds       |     1 |     2 |     6 |    16 |    30 ||    55
Evoke: Wand              |       |       |       |     3 |       ||     3
  Use: Potion            |     1 |       |       |     1 |     3 ||     5
       Scroll            |       |       |     4 |     1 |       ||     5
 Stab: Invisible         |       |       |       |       |     2 ||     2
       Distracted        |       |       |       |       |     1 ||     1
  Eat: Chunk             |       |       |     1 |     4 |     3 ||     8
Armor: Scale mail        |     8 |    16 |     2 |     8 |       ||    34
       Ring mail         |       |       |    13 |       |       ||    13
       Fire dragon scale |       |       |       |    30 |    64 ||    94
       Chain mail        |       |       |       |     5 |       ||     5
Dodge: Dodged            |     7 |    10 |    23 |   111 |   143 ||   294
Block: Shield            |     3 |    26 |    18 |   129 |   203 ||   379
       Rpst.: Long sword |     3 |     1 |       |       |       ||     4
       Scimitar          |       |     3 |     7 |    16 |    16 ||    42

Table legend:
 A = Spawn XP
 B = Non-spawn XP
 C = Spawn XP percentage of total XP
 D = Spawn monster count
 E = Non-spawn monster count
 F = Spawn count percentage of total count
 G = Total turns spent on level
                    A         B        C        D         E        F      G
               +---------+---------+-------+---------+---------+-------+---------
         Total |       0 |   76864 |   0.0 |       0 |     171 |   0.0 |  2446
               +---------+---------+-------+---------+---------+-------+---------
             D |       0 |   76864 |   0.0 |       0 |     171 |   0.0 |  2446
               +---------+---------+-------+---------+---------+-------+---------

Vault maps used:
D:        linesprint

Table legend:
 A = Turns spent in this place as a percentage of turns spent in the entire game.
 B = Non-inter-level travel turns spent in this place as a percentage of non-inter-level travel turns spent in the entire game.
 C = Inter-level travel turns spent in this place as a percentage of turns spent in this place.
 D = Turns resting spent in this place as a percentage of non-inter-level travel turns spent in this place.
 E = Turns spent auto-exploring this place as a percentage of non-inter-level travel turns spent in this place.
 F = Non-inter-level travel turns spent in this place divided by the number of levels of this place that you've seen.
                   A       B       C       D       E      F
               +-------+-------+-------+-------+-------+----------------------
         Total | 100.0 | 100.0 |   0.0 |   8.6 |  35.7 | 2446.0
       Dungeon | 100.0 | 100.0 |   0.0 |   8.6 |  35.7 | 2446.0
               +-------+-------+-------+-------+-------+----------------------

Table legend:
 A = Kills in this place as a percentage of kills in entire the game.
 B = Kills by you in this place as a percentage of kills by you in the entire game.
 C = Kills by friends in this place as a percentage of kills by friends in the entire game.
 D = Other kills in this place as a percentage of other kills in the entire game.
 E = Experience gained in this place as a percentage of experience gained in the entire game.
 F = Experience gained in this place divided by the number of levels of this place that you have seen.
                   A       B       C       D       E      F
               +-------+-------+-------+-------+-------+----------------------
         Total | 100.0 | 100.0 |   N/A | 100.0 | 100.0 | 76864.0
       Dungeon | 100.0 | 100.0 |   N/A | 100.0 | 100.0 | 76864.0
               +-------+-------+-------+-------+-------+----------------------
